[ PARTIDA AOE2 · #508150420 ]
UnrankedMaya vs Magyars
Equipo del jugador · VICT
Equipo rival · DERR
[ ANÁLISIS DE REPETICIÓN · EXTRAÍDO DE LA PARTIDA GRABADA ]
Feudal
10:45
Castillos
24:23
Imperial
—
| APM promedio | 54.6 |
| APM pico | 94 |
| eAPM promedio | 27.7 |
| Aldeanos / militares | 128 / 158 |
Foco
⚔️ 37.2% · 🌾 62.8%
Eagle Scout ×73 · Archer ×38 · Spearman ×19 · Plumed Archer ×9 · Militia ×6 · Skirmisher ×5
Feudal
10:09
Castillos
27:19
Imperial
—
| APM promedio | 61.5 |
| APM pico | 97 |
| eAPM promedio | 28.9 |
| Aldeanos / militares | 97 / 138 |
Foco
⚔️ 33.9% · 🌾 66.1%
Militia ×78 · Skirmisher ×28 · Knight ×22 · Battering Ram ×7 · Mangonel ×2 · Archer ×1
Mapa de la partida
Recursos iniciales + cada clic de construcción. Líneas = muros · curvas = relieve. ◆ oro · ⬟ piedra · ● bayas · ✦ reliquia · ◌ hueco del cierre
Tu base· Abierta — el rival se encerró
Base de Fernet Bronca· ✓ Cerrada en 27:19 · 74t muro · sin puerta
Terreno inicial suavizado · ◌ = hueco del cierre detectado · pasá el cursor para detalles
Inputs por minuto
— Walmart - - Fernet Bronca
Build order — Walmart
Primeras 150 de 427 acciones detectadas
| 0:03 | Investigar | Loom |
| 0:05 | Construir | House |
| 0:06 | Construir | House |
| 0:10 | Encolar | Villager (Male) |
| 0:22 | Encolar | Villager (Male) |
| 0:22 | Encolar | Villager (Male) |
| 0:23 | Encolar | Villager (Male) |
| 1:30 | Construir | Palisade Wall |
| 1:33 | Construir | Palisade Wall |
| 1:35 | Construir | Palisade Wall |
| 1:37 | Construir | Palisade Wall |
| 1:42 | Encolar | Villager (Male) |
| 1:43 | Encolar | Villager (Male) |
| 2:31 | Encolar | Villager (Male) |
| 2:31 | Encolar | Villager (Male) |
| 2:31 | Encolar | Villager (Male) |
| 2:42 | Construir | Palisade Wall |
| 2:51 | Encolar | Villager (Male) |
| 2:51 | Encolar | Villager (Male) |
| 3:02 | Construir | Lumber Camp |
| 3:08 | Construir | Palisade Wall |
| 3:27 | Encolar | Villager (Male) |
| 3:27 | Encolar | Villager (Male) |
| 4:12 | Encolar | Villager (Male) |
| 4:40 | Construir | House |
| 4:47 | Encolar | Villager (Male) |
| 5:15 | Encolar | Villager (Male) |
| 5:31 | Encolar | Villager (Male) |
| 5:49 | Construir | House |
| 5:54 | Construir | House |
| 6:00 | Encolar | Villager (Male) |
| 6:01 | Encolar | Villager (Male) |
| 6:36 | Encolar | Villager (Male) |
| 6:39 | Encolar | Villager (Male) |
| 7:00 | Construir | Barracks |
| 7:36 | Encolar | Villager (Male) |
| 7:58 | Construir | House |
| 8:06 | Encolar | Villager (Male) |
| 8:33 | Investigar | Feudal Age |
| 8:55 | Construir | Mining Camp |
| 9:03 | Encolar | Militia |
| 9:03 | Encolar | Militia |
| 9:25 | Encolar | Militia |
| 9:27 | Construir | House |
| 9:54 | Encolar | Militia |
| 10:31 | Encolar | Villager (Male) |
| 10:45 | Edad | Edad Feudal |
| 10:48 | Investigar | Man-at-Arms (upgrade) |
| 10:50 | Construir | Archery Range |
| 11:05 | Encolar | Villager (Male) |
| 11:37 | Construir | Mill |
| 11:49 | Encolar | Archer |
| 11:49 | Encolar | Archer |
| 11:53 | Construir | House |
| 12:09 | Encolar | Villager (Male) |
| 12:15 | Construir | Archery Range |
| 12:19 | Encolar | Villager (Male) |
| 12:20 | Encolar | Villager (Male) |
| 12:51 | Encolar | Archer |
| 13:09 | Encolar | Villager (Male) |
| 13:10 | Encolar | Archer |
| 13:11 | Encolar | Archer |
| 13:26 | Construir | Watch Tower |
| 13:31 | Encolar | Villager (Male) |
| 13:32 | Encolar | Archer |
| 13:32 | Encolar | Archer |
| 13:34 | Construir | Farm |
| 13:38 | Construir | Palisade Wall |
| 13:50 | Encolar | Skirmisher |
| 13:50 | Encolar | Skirmisher |
| 14:07 | Encolar | Archer |
| 14:14 | Encolar | Spearman |
| 14:19 | Encolar | Villager (Male) |
| 14:21 | Construir | Farm |
| 14:46 | Construir | Watch Tower |
| 14:50 | Construir | House |
| 15:07 | Encolar | Villager (Male) |
| 15:07 | Encolar | Villager (Male) |
| 15:08 | Construir | Farm |
| 15:09 | Construir | Farm |
| 15:09 | Construir | Farm |
| 15:43 | Investigar | Double-Bit Axe |
| 15:43 | Investigar | Double-Bit Axe |
| 15:47 | Construir | House |
| 15:54 | Construir | Farm |
| 15:58 | Encolar | Archer |
| 15:58 | Encolar | Archer |
| 16:13 | Encolar | Villager (Male) |
| 16:17 | Construir | House |
| 16:27 | Investigar | Wheelbarrow |
| 16:36 | Encolar | Eagle Scout |
| 16:53 | Encolar | Archer |
| 16:53 | Encolar | Archer |
| 16:55 | Encolar | Villager (Male) |
| 16:56 | Encolar | Villager (Male) |
| 17:04 | Construir | Palisade Wall |
| 17:08 | Construir | Palisade Wall |
| 17:14 | Encolar | Archer |
| 17:14 | Encolar | Archer |
| 17:21 | Encolar | Militia |
| 17:24 | Encolar | Eagle Scout |
| 17:25 | Encolar | Eagle Scout |
| 17:25 | Encolar | Villager (Male) |
| 17:26 | Encolar | Villager (Male) |
| 17:50 | Construir | Blacksmith |
| 17:53 | Encolar | Skirmisher |
| 17:54 | Encolar | Skirmisher |
| 17:54 | Encolar | Skirmisher |
| 17:59 | Construir | House |
| 18:11 | Construir | Palisade Wall |
| 18:20 | Construir | Palisade Wall |
| 18:27 | Investigar | Fletching |
| 18:30 | Construir | Farm |
| 18:31 | Encolar | Villager (Male) |
| 18:35 | Encolar | Archer |
| 18:35 | Encolar | Archer |
| 18:47 | Construir | House |
| 19:05 | Encolar | Archer |
| 19:12 | Construir | Watch Tower |
| 19:50 | Encolar | Villager (Male) |
| 19:55 | Construir | Palisade Wall |
| 20:00 | Encolar | Archer |
| 20:00 | Encolar | Archer |
| 20:05 | Construir | Farm |
| 20:07 | Construir | Farm |
| 20:08 | Construir | Farm |
| 20:10 | Construir | Farm |
| 20:56 | Construir | Farm |
| 21:04 | Construir | Market |
| 21:23 | Construir | Palisade Wall |
| 21:43 | Investigar | Castle Age |
| 21:43 | Investigar | Castle Age |
| 22:14 | Construir | Lumber Camp |
| 22:17 | Construir | Lumber Camp |
| 22:23 | Construir | House |
| 22:25 | Construir | Palisade Wall |
| 22:34 | Encolar | Archer |
| 22:34 | Encolar | Archer |
| 22:34 | Encolar | Archer |
| 22:48 | Construir | Barracks |
| 22:53 | Investigar | Forging |
| 22:53 | Investigar | Forging |
| 22:53 | Investigar | Scale Mail Armor |
| 22:54 | Investigar | Scale Mail Armor |
| 22:54 | Investigar | Padded Archer Armor |
| 22:54 | Investigar | Padded Archer Armor |
| 23:01 | Encolar | Archer |
| 23:02 | Encolar | Archer |
| 23:12 | Investigar | Gold Mining |
| 23:12 | Investigar | Gold Mining |
Build order — Fernet Bronca
Primeras 150 de 323 acciones detectadas
| 0:01 | Encolar | Villager (Male) |
| 0:01 | Encolar | Villager (Male) |
| 0:02 | Construir | House |
| 0:05 | Construir | House |
| 0:55 | Encolar | Villager (Male) |
| 0:55 | Encolar | Villager (Male) |
| 1:26 | Encolar | Villager (Male) |
| 1:27 | Encolar | Villager (Male) |
| 1:49 | Construir | Lumber Camp |
| 2:02 | Encolar | Villager (Male) |
| 2:02 | Encolar | Villager (Male) |
| 2:18 | Encolar | Villager (Male) |
| 2:50 | Encolar | Villager (Male) |
| 2:51 | Encolar | Villager (Male) |
| 3:07 | Encolar | Villager (Male) |
| 3:07 | Encolar | Villager (Male) |
| 3:42 | Encolar | Villager (Male) |
| 3:42 | Encolar | Villager (Male) |
| 3:57 | Construir | House |
| 4:24 | Encolar | Villager (Male) |
| 4:24 | Encolar | Villager (Male) |
| 4:24 | Encolar | Villager (Male) |
| 4:56 | Construir | Mill |
| 5:00 | Encolar | Villager (Male) |
| 5:00 | Encolar | Villager (Male) |
| 5:00 | Encolar | Villager (Male) |
| 5:25 | Construir | House |
| 6:33 | Encolar | Villager (Male) |
| 6:33 | Encolar | Villager (Male) |
| 6:49 | Encolar | Villager (Male) |
| 6:49 | Encolar | Villager (Male) |
| 7:02 | Investigar | Loom |
| 7:05 | Encolar | Villager (Male) |
| 7:59 | Investigar | Feudal Age |
| 8:21 | Construir | Barracks |
| 8:42 | Encolar | Villager (Male) |
| 8:54 | Construir | Mill |
| 9:22 | Encolar | Villager (Male) |
| 9:24 | Construir | House |
| 9:50 | Encolar | Villager (Male) |
| 10:08 | Encolar | Villager (Male) |
| 10:09 | Edad | Edad Feudal |
| 10:21 | Investigar | Double-Bit Axe |
| 10:25 | Construir | Mining Camp |
| 10:32 | Encolar | Villager (Male) |
| 10:35 | Construir | Farm |
| 10:45 | Encolar | Villager (Male) |
| 11:01 | Construir | Palisade Wall |
| 11:02 | Construir | Palisade Wall |
| 11:07 | Encolar | Villager (Male) |
| 11:09 | Construir | Farm |
| 11:10 | Encolar | Villager (Male) |
| 11:39 | Encolar | Villager (Male) |
| 11:58 | Construir | Palisade Wall |
| 12:17 | Construir | Palisade Wall |
| 12:21 | Construir | Palisade Wall |
| 12:22 | Construir | Palisade Wall |
| 12:27 | Construir | Farm |
| 12:30 | Encolar | Villager (Male) |
| 12:33 | Construir | Palisade Wall |
| 12:35 | Construir | Palisade Wall |
| 12:37 | Construir | Palisade Wall |
| 12:42 | Construir | Archery Range |
| 13:09 | Construir | House |
| 13:10 | Encolar | Skirmisher |
| 13:17 | Construir | Watch Tower |
| 13:26 | Construir | House |
| 13:43 | Encolar | Skirmisher |
| 13:59 | Construir | House |
| 14:06 | Construir | House |
| 14:09 | Encolar | Skirmisher |
| 14:19 | Encolar | Skirmisher |
| 14:26 | Encolar | Archer |
| 14:39 | Encolar | Villager (Male) |
| 14:48 | Construir | Lumber Camp |
| 15:11 | Encolar | Villager (Male) |
| 15:40 | Encolar | Villager (Male) |
| 15:48 | Construir | Palisade Wall |
| 16:07 | Construir | Farm |
| 16:08 | Construir | Farm |
| 16:10 | Construir | Farm |
| 16:26 | Construir | Palisade Wall |
| 16:29 | Encolar | Skirmisher |
| 16:32 | Construir | Farm |
| 16:33 | Encolar | Villager (Male) |
| 16:33 | Encolar | Villager (Male) |
| 16:42 | Construir | Blacksmith |
| 16:50 | Construir | Farm |
| 17:04 | Encolar | Villager (Male) |
| 17:05 | Encolar | Skirmisher |
| 17:06 | Encolar | Skirmisher |
| 17:19 | Construir | Palisade Wall |
| 17:28 | Construir | Palisade Wall |
| 17:37 | Encolar | Villager (Male) |
| 17:40 | Encolar | Skirmisher |
| 17:46 | Construir | Farm |
| 17:46 | Construir | Farm |
| 17:53 | Encolar | Villager (Male) |
| 18:00 | Construir | Palisade Wall |
| 18:06 | Encolar | Skirmisher |
| 18:11 | Encolar | Villager (Male) |
| 18:13 | Construir | Farm |
| 18:17 | Construir | Farm |
| 18:25 | Investigar | Fletching |
| 18:32 | Investigar | Padded Archer Armor |
| 18:35 | Encolar | Villager (Male) |
| 18:35 | Encolar | Villager (Male) |
| 18:42 | Construir | Farm |
| 18:44 | Construir | Farm |
| 18:47 | Construir | Farm |
| 18:50 | Construir | Farm |
| 18:52 | Construir | Farm |
| 18:53 | Encolar | Skirmisher |
| 18:56 | Encolar | Villager (Male) |
| 19:08 | Encolar | Villager (Male) |
| 19:20 | Construir | Market |
| 19:27 | Construir | Palisade Wall |
| 19:28 | Construir | Palisade Wall |
| 19:44 | Construir | Farm |
| 19:50 | Investigar | Fletching |
| 19:57 | Encolar | Villager (Male) |
| 20:03 | Construir | House |
| 20:06 | Encolar | Skirmisher |
| 20:19 | Encolar | Skirmisher |
| 20:25 | Construir | Palisade Wall |
| 20:33 | Encolar | Villager (Male) |
| 20:37 | Encolar | Skirmisher |
| 20:47 | Encolar | Villager (Male) |
| 21:02 | Construir | Watch Tower |
| 21:09 | Construir | Palisade Wall |
| 21:10 | Encolar | Skirmisher |
| 21:22 | Encolar | Skirmisher |
| 21:25 | Encolar | Villager (Male) |
| 21:50 | Encolar | Skirmisher |
| 21:57 | Construir | House |
| 21:59 | Construir | House |
| 22:00 | Encolar | Villager (Male) |
| 22:01 | Encolar | Skirmisher |
| 22:01 | Encolar | Skirmisher |
| 22:04 | Encolar | Skirmisher |
| 22:13 | Encolar | Villager (Male) |
| 22:22 | Encolar | Skirmisher |
| 22:24 | Encolar | Villager (Male) |
| 22:32 | Encolar | Skirmisher |
| 22:33 | Construir | Farm |
| 22:34 | Construir | Farm |
| 22:41 | Construir | House |
| 22:43 | Encolar | Villager (Male) |
| 22:53 | Encolar | Villager (Male) |
| 23:07 | Encolar | Villager (Male) |
Cronología de la partida
| 1:30 | Walmart · wall_segment Palisade Wall x1 |
| 1:33 | Walmart · wall_segment Palisade Wall x1 |
| 1:35 | Walmart · wall_segment Palisade Wall x1 |
| 1:37 | Walmart · wall_segment Palisade Wall x1 |
| 2:42 | Walmart · wall_segment Palisade Wall x1 |
| 3:08 | Walmart · wall_segment Palisade Wall x1 |
| 7:00 | Walmart · first_building Barracks |
| 8:21 | Fernet Bronca · first_building Barracks |
| 10:09 | Fernet Bronca · age_up feudal |
| 10:45 | Walmart · age_up feudal |
| 10:50 | Walmart · first_building Archery Range |
| 11:01 | Fernet Bronca · wall_segment Palisade Wall x1 |
| 11:02 | Fernet Bronca · wall_segment Palisade Wall x1 |
| 11:58 | Fernet Bronca · wall_segment Palisade Wall x1 |
| 12:17 | Fernet Bronca · wall_segment Palisade Wall x1 |
| 12:21 | Fernet Bronca · wall_segment Palisade Wall x1 |
| 12:22 | Fernet Bronca · wall_segment Palisade Wall x1 |
| 12:33 | Fernet Bronca · wall_segment Palisade Wall x1 |
| 12:35 | Fernet Bronca · wall_segment Palisade Wall x1 |
| 12:37 | Fernet Bronca · wall_segment Palisade Wall x2 |
| 12:42 | Fernet Bronca · first_building Archery Range |
| 13:38 | Walmart · wall_segment Palisade Wall x14 |
| 15:48 | Fernet Bronca · wall_segment Palisade Wall x4 |
| 16:26 | Fernet Bronca · wall_segment Palisade Wall x6 |
| 17:04 | Walmart · wall_segment Palisade Wall x4 |
| 17:08 | Walmart · wall_segment Palisade Wall x8 |
| 17:19 | Fernet Bronca · wall_segment Palisade Wall x6 |
| 17:28 | Fernet Bronca · wall_segment Palisade Wall x17 |
| 18:00 | Fernet Bronca · wall_segment Palisade Wall x8 |
| 18:11 | Walmart · wall_segment Palisade Wall x4 |
| 18:20 | Walmart · wall_segment Palisade Wall x13 |
| 19:27 | Fernet Bronca · wall_segment Palisade Wall x6 |
| 19:28 | Fernet Bronca · wall_segment Palisade Wall x6 |
| 19:55 | Walmart · wall_segment Palisade Wall x14 |
| 20:25 | Fernet Bronca · wall_segment Palisade Wall x1 |
| 20:56 | Fernet Bronca · first_market_sell 100 food |
| 20:57 | Fernet Bronca · first_market_buy 100 stone |
| 21:09 | Fernet Bronca · wall_segment Palisade Wall x6 |
| 21:23 | Walmart · wall_segment Palisade Wall x1 |
| 22:25 | Walmart · wall_segment Palisade Wall x1 |
| 23:30 | Walmart · wall_segment Palisade Wall x6 |
| 23:43 | Fernet Bronca · wall_segment Palisade Wall x5 |
| 23:43 | Fernet Bronca · wall_segment Palisade Wall x4 |
| 24:12 | Fernet Bronca · wall_segment Palisade Wall x5 |
| 24:23 | Walmart · age_up castle |
| 24:48 | Fernet Bronca · wall_segment Palisade Wall x1 |
| 24:52 | Walmart · first_market_sell 100 wood |
| 25:18 | Walmart · wall_segment Palisade Wall x1 |
| 25:37 | Fernet Bronca · first_building Stable |
| 27:19 | Fernet Bronca · age_up castle |
| 27:46 | Walmart · first_building Siege Workshop |
| 34:42 | Fernet Bronca · first_building Siege Workshop |
| 35:07 | Walmart · first_building Monastery |
| 39:31 | Walmart · first_building Castle |
| 47:51 | Fernet Bronca · resign |
[ ANÁLISIS IA · 1 CRÉDITO ]
¿Qué pasó realmente en esta partida?
Wolo.gg analiza cada decisión: build order, eco, micro, errores típicos por bracket. Análisis personalizado por WhatsApp o Discord en 30 segundos.
Guía civ
Maya
Perfil
Jugador #10014470